 Dungeon Crawl Stone Soup version 0.29-a0-270-g1586fc07ea (webtiles) character file.

Game seed: 11795460268537399002

262 sammy202020 the Skirmisher (level 5, -4/48 HPs)
             Began as a Draconian Berserker on Mar 8, 2022.
             Was a Believer of Trog.
             Slain by DrKleor's ghost (6 damage)
             ... on level 3 of the Dungeon.
             The game lasted 00:04:56 (2440 turns).

sammy202020 the Skirmisher (Draconian Berserker)    Turns: 2440, Time: 00:04:57

Health: -4/48      AC:  6    Str: 20    XL:     5   Next: 97%
Magic:  5/5        EV: 13    Int:  7    God:    Trog [**....]
Gold:   136        SH:  0    Dex: 12    Spells: 4/4 levels left

rFire   . . .      SeeInvis .   a - +0 mace
rCold   . . .      Faith    .   (no shield)
rNeg    . . .      Spirit   .   (body armour unavailable)
rPois   .          Reflect  .   (helmet restricted)
rElec   .          Harm     .   (no cloak)
rCorr   .          Rampage  .   (no gloves)
Will    .....                   d - +0 pair of boots
Stlth   +.........              (no amulet)
HPRegen 0.16/turn               (no ring)
MPRegen 0.09/turn               (no ring)

@: on berserk cooldown, slowed, very slow
A: AC +5, unfitting armour, cold-blooded
a: Renounce Religion, Berserk, Trog's Hand


You were on level 3 of the Dungeon.
You worshipped Trog.
Trog was pleased with you.
You visited 1 branch of the dungeon, and saw 3 of its levels.

You collected 136 gold pieces.

Inventory:

Hand Weapons
 a - a +0 mace (weapon)
Armour
 d - a +0 pair of boots (worn)
Jewellery
 g - a ring of protection from cold
Wands
 j - a wand of iceblast (2)
Scrolls
 b - 4 scrolls of identify {unknown}
 c - 2 scrolls of summoning {unknown}
 f - a scroll of blinking {unknown}
 h - a scroll of fear {unknown}
 k - a scroll of brand weapon {unknown}
 l - a scroll of enchant armour {unknown}
 m - a scroll of torment {unknown}
Potions
 e - 3 potions of curing
 i - a potion of brilliance {unknown}
 n - a potion of ambrosia {unknown}
 o - a potion of degeneration {unknown}


   Skills:
 + Level 5.0 Fighting
 + Level 4.5 Maces & Flails
 + Level 4.1 Dodging


You had 4 spell levels left.
You didn't know any spells.
Your spell library was empty.

Dungeon Overview and Level Annotations

Branches:
Dungeon (3/15)

Altars:

Shops:
D:3 *(*?=

Annotations:
D:3 1 transporter, DrKleor's ghost, amateur FoFi


Innate Abilities, Weirdness & Mutations

Your plain brown scales are hard. (AC +5)
You cannot fit into any form of body armour.
You are cold-blooded and may be slowed by cold attacks.


Message History

Trog accepts your kill.
DrKleor's ghost hits you but does no damage.
Your Fighting skill increases to level 5!
Your Dodging skill increases to level 4!
You see here the +2 dire flail of Yredelemnul, Thieving {flame, rPois Will+ Stlth+}.
You are too berserk!
You feel a strong urge to attack something.
DrKleor's ghost hits you but does no damage.
You sock DrKleor's ghost!
DrKleor's ghost is lightly damaged.
DrKleor's ghost hits you.
* * * LOW HITPOINT WARNING * * *
You closely miss DrKleor's ghost.
DrKleor's ghost is lightly damaged.
You are no longer berserk.
You are exhausted.
You feel yourself slow down.
DrKleor's ghost hits you but does no damage.
You hit DrKleor's ghost but do no damage.
DrKleor's ghost is lightly damaged.
Your skin stops crawling.
You feel less strong-willed. DrKleor's ghost closely misses you.
It was a potion of curing.
You feel better. DrKleor's ghost barely misses you. DrKleor's ghost hits you.
* * * LOW HITPOINT WARNING * * *
You hit DrKleor's ghost but do no damage.
You tail-slap DrKleor's ghost, but do no damage.
DrKleor's ghost is lightly damaged.
DrKleor's ghost hits you.
* * * LOW HITPOINT WARNING * * *
DrKleor's ghost says very slowly, "There's no hope."
DrKleor's ghost closely misses you.
You hit DrKleor's ghost but do no damage.
You tail-slap DrKleor's ghost, but do no damage.
DrKleor's ghost is lightly damaged.
DrKleor's ghost closely misses you.
You hit DrKleor's ghost.
DrKleor's ghost is moderately damaged.
DrKleor's ghost hits you.
You die...

#.......................
#........#.............)
#####.######...###...#)#
####.# #.........#)#
#...###############.#.#
#...#.....©....©# #....
#...#.#..#.#..#.###...#
#...#..##...##..#.....#
#...#.@##...##..#.....#
#####W#).#.#..#.#.....#
##.....()....#.....#
##############.....#
#.....©.©..........#
#...(...............
####....######.....#
##<..## ##..### #...##
#..##


You could see DrKleor's ghost.

Vanquished Creatures
  An ogre (D:3)
  Jessica (D:2)
  2 orc wizards (D:3)
  3 adders (D:3)
  3 dart slugs
  6 orcs (D:3)
  2 bats
  10 endoplasms
  3 giant cockroaches
  5 hobgoblins
  5 kobolds
  4 quokkas
  6 ball pythons
  2 frilled lizards
  4 goblins
  5 rats
62 creatures vanquished.

Notes
Turn   | Place    | Note
-------+----------+-------------------------------------------
     0 | D:1      | sammy202020 the Draconian Berserker began the quest for the
                  | Orb.
     0 | D:1      | Reached XP level 1. HP: 19/19 MP: 1/1
   147 | D:1      | Reached XP level 2. HP: 26/26 MP: 2/2
   655 | D:1      | Reached ** piety under Trog
   692 | D:2      | Reached XP level 3. HP: 28/33 MP: 3/3
  1015 | D:2      | Noticed Jessica
  1018 | D:2      | Found a faded altar of an unknown god.
  1023 | D:2      | Killed Jessica
  1024 | D:2      | Reached skill level 4 in Fighting
  1339 | D:2      | Reached XP level 4. HP: 38/40 MP: 4/4
  1444 | D:3      | Noticed DrKleor's ghost (amateur FoFi)
  1444 | D:3      | Found a transporter.
  1450 | D:3      | Identified the +2 dire flail of Yredelemnul, Thieving
                  | {flame, rPois Will+ Stlth+}
  1450 | D:3      | Noticed an ogre
  1466 | D:3      | Found Uxexuib's Magic Scroll Shop.
  1765 | D:3      | Reached XP level 5. HP: 16/47 MP: 5/5
  2027 | D:3      | Found Hapamios's General Store.
  2069 | D:3      | Found Tioraerhag's Weapon Shoppe.
  2088 | D:3      | Found Yliopt's Assorted Antiques.
  2157 | D:3      | Found Bableojo's Jewellery Emporium.
  2397 | D:3      | Found a transporter.
  2431 | D:3      | Killed an ogre
  2432 | D:3      | Reached skill level 5 in Fighting
  2438 | D:3      | HP: 1/48 [DrKleor's ghost (6)]
  2440 | D:3      | Slain by DrKleor's ghost

Illustrated notes

Levels and vault maps discovered:
D:1:      lightli_iron_boxes, layout_basic
D:2:      layout_basic, ebering_ecumenical_altar_rust, uniq_jessica
D:3:      layout_rooms, serial_shops, shop, shop, nicolae_lakefront_shop,
          nicolae_shop_hallway_plus, shop, gammafunk_ghost_smash

Skill      XL: |  1  2  3  4  5 |
---------------+----------------+-----
Dodging        | 3 4 |  4.1
Fighting       | 4 5 |  5.0
Maces & Flails | 4 |  4.5

Action                   |  1- 3 |  4- 6 || total
-------------------------+-------+-------++-------
Melee: Mace              |    88 |   104 ||   192
       Tailslap          |    11 |     9 ||    20
       Punch             |       |     1 ||     1
Invok: Berserk           |       |     2 ||     2
       Trog's Hand       |       |     1 ||     1
  Use: Potion            |       |     1 ||     1
Armor: Skin              |    34 |    39 ||    73
Dodge: Dodged            |    68 |    92 ||   160

Table legend: (Time is in decaauts)
 A = Elapsed time spent in this place.
 B = Non-inter-level travel time spent in this place.
 C = Inter-level travel time spent in this place.
 D = Time resting spent in this place.
 E = Time spent auto-exploring this place.
 F = Levels seen in this place.
 G = Mean time per level.
                   A        B        C        D        E       F      G
               +--------+--------+--------+--------+--------+-----+--------+
         Total |   2490 |   2440 |     50 |      0 |   1920 |   3 |  830.0 |
       Dungeon |   2490 |   2440 |     50 |      0 |   1920 |   3 |  830.0 |
               +--------+--------+--------+--------+--------+-----+--------+

Top non-repeatable levels by time:
     D:3: 1024 daAuts
     D:2: 773 daAuts
     D:1: 693 daAuts
